 Dungeon Crawl Stone Soup version 0.28.0-53-g5a82cb258f (webtiles) character file.

Game seed: 14830369023630619179

238 hawla the Magician (level 5, -3/28 HPs)
             Began as a Deep Elf Air Elementalist on Aug 6, 2022.
             Slain by an iguana (6 damage)
             ... on level 3 of the Dungeon.
             The game lasted 00:07:30 (2234 turns).

hawla the Magician (Deep Elf Air Elementalist)      Turns: 2234, Time: 00:07:31

Health: -3/28      AC:  2    Str:  5    XL:     5   Next: 78%
Magic:  4/14       EV: 13    Int: 22    God:
Gold:   65         SH:  0    Dex: 15    Spells: 7/14 levels left

rFire   . . .      SeeInvis .   (no weapon)
rCold   . . .      Faith    .   (no shield)
rNeg    . . .      Spirit   .   a - +0 robe
rPois   .          Reflect  .   (no helmet)
rElec   .          Harm     .   (no cloak)
rCorr   .          Rampage  .   (no gloves)
Will    .....                   (no boots)
Stlth   ++........              (no amulet)
HPRegen 0.09/turn               (no ring)
MPRegen 0.14/turn               (no ring)

@: no status effects
A: no striking features
a: no special abilities


You were on level 3 of the Dungeon.
You visited 1 branch of the dungeon, and saw 3 of its levels.

You collected 65 gold pieces.

Inventory:

Missiles
 b - 3 boomerangs (quivered)
 c - 5 javelins
Armour
 a - a +0 robe (worn)
Scrolls
 d - a scroll of noise {unknown}


   Skills:
 - Level 0.4 Fighting
 - Level 3.1 Dodging
 - Level 2.7 Stealth
 - Level 5.1 Spellcasting
 - Level 3.3 Conjurations
 * Level 4.2 Air Magic


You had 7 spell levels left.
You knew the following spells:

 Your Spells              Type           Power      Damage    Failure   Level
a - Shock                 Conj/Air       88%        1d8       2%          1
b - Static Discharge      Conj/Air       22%        N/A       3%          2
c - Airstrike             Air            12%        N/A       17%         4

Your spell library contained the following spells:

 Spells                   Type           Power      Damage    Failure   Level
 Swiftness                Air            24%        N/A       5%          3
 Beastly Appendage        Tmut           10%        N/A       10%         1
 Wereblood                Tmut           5%         N/A       16%         2
 Spider Form              Tmut/Pois      5%         N/A       30%         3


Dungeon Overview and Level Annotations

Branches:
Dungeon (3/15)

Altars:

Shops:
D:1 =   D:2 ?   D:3 (

Annotations:
D:2 1 runed translucent door, Crazy Yiuf


Message History

The lightning grounds out.
The adder is struck by an arc of lightning!
You kill the adder!
You are struck by an arc of lightning.
The lightning grounds out.
You feel sick.
Casting: Static Discharge (safe; 3% risk of failure)
Confirm with . or Enter, or press ? or * to list all spells.
Aiming: Shock (safe; 2% risk of failure)
Press: ? - help, Shift-Dir - straight line, f - iguana
Aim: an iguana (77% to hit)
The zap hits the iguana.
The iguana is moderately wounded.
You feel sick.
Casting: Shock (safe; 2% risk of failure)
Confirm with . or Enter, or press ? or * to list all spells.
Aiming: Shock (safe; 2% risk of failure)
Press: ? - help, Shift-Dir - straight line, f/p - iguana
Aim: an iguana (moderately wounded, 77% to hit)
The zap misses the iguana.
You feel sick. The iguana closely misses you.
Casting: Shock (safe; 2% risk of failure)
Confirm with . or Enter, or press ? or * to list all spells.
The iguana is struck by an arc of lightning.
The iguana is heavily wounded.
You are struck by an arc of lightning.
The iguana is struck by an arc of lightning.
The iguana is severely wounded.
The lightning grounds out.
You feel sick.
You are no longer poisoned.
The iguana bites you!
* * * LOW HITPOINT WARNING * * *
Sorry, you're not good enough to have a special ability.
You aren't carrying any potions.
Casting: Static Discharge (safe; 3% risk of failure)
Confirm with . or Enter, or press ? or * to list all spells.
The iguana is struck by an arc of lightning.
The iguana is almost dead.
You are struck by an arc of lightning.
* * * LOW HITPOINT WARNING * * *
The lightning grounds out.
The iguana bites you.
You die...

.. ##. ... ##
.. .... #. ..
....##.#.#
.........###
...........
.......†.#.#...
....>.l@.......
.>...?.†.......
...∩.#.........
.... ....#.##.?
... ...#...# .
.. .... ..## .
..... ...
...... ....


You could see an iguana.

Vanquished Creatures
  Sigmund (D:2)
  4 adders
  4 bats
  An endoplasm (D:1)
  A giant cockroach (D:2)
  7 hobgoblins
  6 jackals (D:1)
  3 kobolds
  A quokka (D:1)
  6 ball pythons
  3 frilled lizards
  2 goblins
  6 rats
45 creatures vanquished.

Notes
Turn   | Place    | Note
-------+----------+-------------------------------------------
     0 | D:1      | hawla the Deep Elf Air Elementalist began the quest for the
                  | Orb.
     0 | D:1      | Reached XP level 1. HP: 10/10 MP: 6/6
   185 | D:1      | Found Acsodoips's Jewellery Shoppe.
   187 | D:1      | Reached XP level 2. HP: 15/15 MP: 6/8
   190 | D:1      | Learned a level 2 spell: Static Discharge
  1048 | D:1      | Reached XP level 3. HP: 19/19 MP: 2/10
  1506 | D:2      | Found Weuzxoj's Magic Scroll Shop.
  1583 | D:2      | Found a faded altar of an unknown god.
  1718 | D:2      | Reached skill level 4 in Spellcasting
  1888 | D:2      | Noticed Sigmund
  1899 | D:2      | Killed Sigmund
  1900 | D:2      | Reached skill level 5 in Spellcasting
  1900 | D:2      | Reached XP level 4. HP: 19/24 MP: 0/13
  1900 | D:2      | Reached XP level 5. HP: 22/28 MP: 0/14
  2022 | D:2      | Learned a level 4 spell: Airstrike
  2107 | D:2      | Found a runed translucent door.
  2108 | D:2      | Noticed Crazy Yiuf
  2226 | D:3      | Found Anulogett's Antique Weapon Emporium.
  2234 | D:3      | Slain by an iguana

Illustrated notes

Levels and vault maps discovered:
D:1:      moated_graveyard_arrival, layout_loops_ring, serial_shops,
          shop_statue, roderic_roman_lattice, hex_medium
D:2:      layout_rooms, ebering_ecumenical_altar_mist, serial_shops, shop,
          uniq_sigmund, uniq_crazy_yiuf_cottage
D:3:      layout_rooms, nicolae_elyvilon_peaceful_grove,
          mainiacjoe_overflow_paths, cheibriados_altar_1,
          nicolae_overflow_crystal_walls, serial_shops, shop,
          minmay_misc_feat_iff, serial_park_tiny_1, corexii_hall_statues_s,
          uniq_grinder

Skill      XL: |  1  2  3 |
---------------+----------+-----
Conjurations   | 3 |  3.3
Spellcasting   | 5 |  5.1
Dodging        | 3 |  3.1
Air Magic      | 4 |  4.2
Fighting       | |  0.4
Stealth        | |  2.7

Action                   |  1- 3 |  4- 6 || total
-------------------------+-------+-------++-------
Melee: Unarmed           |     5 |       ||     5
 Cast: Shock             |    89 |     3 ||    92
       Static Discharge  |     2 |     4 ||     6
  Use: Scroll            |     1 |       ||     1
Armor: Robe              |     6 |       ||     6
Dodge: Dodged            |    17 |     1 ||    18
